 Dungeon Crawl Stone Soup version 0.20-a0-19-gd4fea00 (webtiles) character file.

5705 Kingduke777 the Grappler (level 10, -28/85 HPs)
             Began as a Troll Hunter on Nov 6, 2016.
             Was a Follower of Fedhas.
             Annihilated by a hill giant
             ... wielding a +0 giant club
              (29 damage)
             ... on level 10 of the Dungeon.
             The game lasted 00:33:41 (9421 turns).

Kingduke777 the Grappler (Troll Hunter)             Turns: 9421, Time: 00:33:43

Health: -28/85     AC:  6    Str: 26    XL:     10   Next: 48%
Magic:  9/9        EV: 11    Int:  7    God:    Fedhas [*.....]
Gold:   484        SH: 12    Dex: 13    Spells: 0 memorised, 9 levels left

rFire  . . .     SeeInvis .       - Unarmed
rCold  . . .     Gourm    +     i - +0 robe
rNeg   . . .     Faith    .     l - +0 shield
rPois  .         Spirit   .     (helmet restricted)
rElec  .         Reflect  +     a - +0 cloak
rCorr  .         Harm     .     (gloves unavailable)
MR     .....                    (boots unavailable)
Stlth  +.........               H - +5 amulet of reflection
                                J - +4 ring of evasion
                                D - +4 ring of strength

@: no status effects
A: unfitting armour, claws 3, fast metabolism 3, gourmand, regeneration 1,
shaggy fur 1, tough skin 2
a: Fungal Bloom, Evolution, Renounce Religion


You were on level 10 of the Dungeon.
You worshipped Fedhas.
Fedhas was aware of your devotion.
You were not hungry.

You visited 2 branches of the dungeon, and saw 11 of its levels.
You also visited: Ossuary.

You collected 484 gold pieces.

Inventory:

Missiles
 c - 3 large rocks (quivered)
 d - 2 throwing nets
Armour
 a - a +0 cloak (worn)
 i - a +0 robe (worn)
 l - a +0 shield (worn)
Jewellery
 D - a +4 ring of strength (left claw)
 H - a +5 amulet of reflection (around neck)
 J - a +4 ring of evasion (right claw)
 K - an uncursed ring of see invisible
Wands
 j - a wand of teleportation (2/9)
 N - a wand of acid (0/15)
Scrolls
 g - 3 scrolls of teleportation
 k - a scroll of fear {unknown}
 n - 4 scrolls of amnesia
 A - a scroll of remove curse
 C - 2 scrolls of enchant armour {unknown}
 F - a scroll of fog
 M - a scroll of magic mapping {unknown}
Potions
 h - 2 potions of flight
 p - 2 potions of agility
 q - 4 potions of curing
 t - 3 potions of might
 v - 3 potions of invisibility
 w - a potion of heal wounds
 E - a potion of resistance
 I - a potion of haste
 Q - a potion of cure mutation {unknown}
Books
 b - a book of Necromancy

   Spells                             Type                      Level
   a - Pain                           Necromancy                   1
   b - Animate Skeleton               Necromancy                   1
   c - Vampiric Draining              Necromancy                   3
   d - Regeneration                   Charms/Necromancy            3
   e - Animate Dead                   Necromancy                   4
   f - Control Undead                 Necromancy                   4
 L - a book of Flames

   Spells                             Type                      Level
   a - Flame Tongue                   Conjuration/Fire             1
   b - Throw Flame                    Conjuration/Fire             2
   c - Conjure Flame                  Conjuration/Fire             3
   d - Inner Flame                    Hexes/Fire                   3
   e - Sticky Flame                   Conjuration/Fire             4
   f - Fireball                       Conjuration/Fire             5
Comestibles
 f - 9 bread rations
 m - 12 fruits
 o - 4 beef jerkies
 r - 6 slices of pizza
 x - a royal jelly
 O - 5 meat rations


   Skills:
 - Level 1.5 Fighting
 - Level 3.6 Throwing
 + Level 2.6 Armour
 - Level 1.5 Dodging
 - Level 0.3 Stealth
 - Level 14.6 Unarmed Combat


You had 9 spell levels left.
You didn't know any spells.

Dungeon Overview and Level Annotations

Branches:
Dungeon (10/15)            Temple (1/1) D:4
   Lair: D:8-11         Orc: D:9-12

Altars:
Ashenzari
Cheibriados
Dithmenos
Elyvilon
Fedhas
Gozag
Hepliaklqana
Kikubaaqudgha
Makhleb
Nemelex Xobeh
Okawaru
Qazlal
Ru
Sif Muna
Trog
Vehumet
Xom
Yredelemnul
Zin
The Shining One

Shops:
D:5 =

Annotations:
D:7 exclusion: statue


Innate Abilities, Weirdness & Mutations

You are too large for most types of armour.
You have claws for hands.
Your metabolism is lightning-fast.
You like to eat raw meat.
Your natural rate of healing is unusually fast.
You are covered in fur. (AC +1)
You have very tough skin. (AC +2)


Message History

* * * LOW HITPOINT WARNING * * *
You are too injured to fight recklessly!
The orc moves out of view.
Throwing (i - inventory. (,) - cycle):
c - 5 large rocks (quivered)
Press: ? - help, Shift-Dir - straight line, f - hill giant
Aim: a hill giant, wielding a giant club (severely wounded)
You throw a large rock.
The large rock barely misses the hill giant.
The large rock hits the kobold!
You kill the kobold!
Throwing (i - inventory. (,) - cycle):
c - 4 large rocks (quivered)
Press: ? - help, Shift-Dir - straight line, f/p - hill giant
Aim: a hill giant, wielding a giant club (heavily wounded)
You throw a large rock. The large rock hits the hill giant!
The hill giant is severely wounded.
The hill giant hits you with a giant club!!
* * * LOW HITPOINT WARNING * * *
The hill giant hits you with a giant club!!
You die...
Fedhas appreciates your contribution to the ecosystem.

#. .. .... .#.###
.(..#### # ....%. #.####
##..####..
#.^..##########..%......
####.....##.o.KK#..##.#.
###...@CK######<#
####..##### .#
#######....## .
#...[....### .#
#.#####..# # # #.# ##.##
.###.####..#
.....##...## #......###


You could see a hill giant, a big kobold, an orc and 2 kobolds.

Vanquished Creatures
  A hydra (D:9)
  A wraith (D:9)
  2 wyverns (D:8)
  Eustachio (D:6)
  A yak (D:9)
  Grum (D:8)
  A water moccasin (D:7)
  2 ice beasts (D:6)
  A black bear (D:8)
  A phantom (D:8)
  2 wolves (D:8)
  3 centaurs
  4 bullfrogs
  2 elf skeletons (Ossuary)
  A wyvern skeleton (D:7)
  A scorpion (D:4)
  The ghost of CanOfBees the Chucker, a weakling OgHu (D:3)
  6 killer bees
  A wight (D:9)
  2 howler monkeys (D:9)
  A crimson imp (D:6)
  A quasit (D:8)
  2 hounds
  A jelly (D:5)
  Crazy Yiuf (D:2)
  2 centaur skeletons
  4 orc priests
  Ijyb (D:3)
  Terence (D:2)
  4 human skeletons (D:5)
  An iguana (D:6)
  6 orc wizards
  4 worker ants
  A big kobold zombie (Ossuary)
  2 mummies (Ossuary)
  A worker ant zombie (D:9)
  2 gnolls (D:9)
  8 adders
  2 shadow imps
  2 oozes
  5 adder skeletons
  2 worms
  3 dart slugs
  5 leopard geckos
  23 orcs
  A ball python (D:7)
  6 giant cockroaches
  11 goblins
  8 hobgoblins
  17 jackals
  7 kobolds
  3 quokkas
  5 bats
  2 frilled lizards
  A goblin skeleton (Ossuary)
  8 hobgoblin skeletons (Ossuary)
  A hobgoblin zombie (Ossuary)
  4 jackal skeletons (Ossuary)
  9 kobold skeletons (Ossuary)
  A leopard gecko zombie (D:6)
  10 orc skeletons
  2 quokka skeletons
  5 rats
  A rat skeleton (Ossuary)
222 creatures vanquished.

Vanquished Creatures (collateral kills)
  A hill giant (D:9)
  A queen bee (D:9)
  2 dream sheep (D:9)
  A yak (D:9)
  Menkaure (D:6)
  An orc warrior (D:7)
  2 ice beasts
  2 ogres (D:7)
  2 centaurs
  A wolf (D:8)
  2 bullfrogs
  3 big kobolds (D:9)
  7 killer bees
  A wight (D:9)
  A crimson imp (D:6)
  A bullfrog zombie (D:9)
  2 iguanas
  2 gnolls (D:9)
  6 orcs
  A giant cockroach (D:7)
40 creatures vanquished.

Vanquished Creatures (others)
  2 oklob plants (D:9)
  14 wandering mushrooms
  5 plants (D:9)
  59 toadstools
80 creatures vanquished.

Grand Total: 342 creatures vanquished

Notes
Turn   | Place    | Note
-------+----------+-------------------------------------------
     0 | D:1      | Kingduke777 the Troll Hunter began the quest for the Orb.
     0 | D:1      | Reached XP level 1. HP: 19/19 MP: 0/0
    91 | D:1      | Reached skill level 1 in Unarmed Combat
   278 | D:1      | Reached XP level 2. HP: 27/27 MP: 1/1
   492 | D:1      | Reached skill level 2 in Unarmed Combat
  1162 | D:2      | Reached XP level 3. HP: 33/33 MP: 2/2
  1368 | D:2      | Reached skill level 3 in Unarmed Combat
  1382 | D:2      | Found a shimmering altar of Xom.
  1442 | D:2      | Found a basalt altar of Yredelemnul.
  1477 | D:2      | Noticed Terence
  1487 | D:2      | Killed Terence
  1487 | D:2      | Reached XP level 4. HP: 33/41 MP: 3/3
  1639 | D:2      | Found an ancient bone altar of Kikubaaqudgha.
  1752 | D:2      | Found a runed door.
  1756 | D:2      | Noticed Crazy Yiuf
  1757 | D:2      | Killed Crazy Yiuf
  1757 | D:2      | Reached skill level 4 in Unarmed Combat
  2019 | D:3      | Reached XP level 5. HP: 48/48 MP: 4/4
  2220 | D:3      | Noticed Ijyb
  2226 | D:3      | Killed Ijyb
  2226 | D:3      | Reached skill level 5 in Unarmed Combat
  2395 | D:3      | Noticed CanOfBees's ghost (weakling OgHu)
  2403 | D:3      | Killed CanOfBees's ghost
  2503 | D:3      | Reached skill level 6 in Unarmed Combat
  2503 | D:3      | Reached XP level 6. HP: 41/55 MP: 5/5
  3179 | D:4      | Found a staircase to the Ecumenical Temple.
  3194 | Temple   | Entered the Ecumenical Temple
  3391 | Temple   | Became a worshipper of Fedhas Madash
  3461 | D:4      | Reached skill level 7 in Unarmed Combat
  3662 | D:5      | Entered Level 5 of the Dungeon
  3693 | D:5      | Reached XP level 7. HP: 58/62 MP: 6/6
  3741 | D:5      | Found a glowing golden altar of the Shining One.
  3871 | D:5      | Found a sand-covered staircase.
  3885 | Ossuary  | Entered an ossuary
  3913 | Ossuary  | Reached * piety under Fedhas
  3963 | Ossuary  | Reached ** piety under Fedhas
  4006 | Ossuary  | Reached skill level 8 in Unarmed Combat
  4276 | D:5      | Reached skill level 9 in Unarmed Combat
  4503 | D:5      | Found Weem's Jewellery Shop.
  4652 | D:5      | Found a hazy altar of Hepliaklqana.
  4691 | D:5      | Reached XP level 8. HP: 45/70 MP: 7/7
  5008 | D:6      | Reached skill level 10 in Unarmed Combat
  5248 | D:6      | Noticed Eustachio
  5259 | D:6      | Killed Eustachio
  5468 | D:6      | Found a shadowy altar of Dithmenos.
  5473 | D:6      | Found a bloodstained altar of Trog.
  5476 | D:6      | Noticed Menkaure
  5491 | D:6      | Killed Menkaure
  5585 | D:7      | Reached skill level 11 in Unarmed Combat
  5740 | D:7      | Reached XP level 9. HP: 76/76 MP: 8/8
  6033 | D:7      | Found a radiant altar of Vehumet.
  6238 | D:7      | Reached skill level 12 in Unarmed Combat
  6624 | D:8      | Noticed Grum
  6645 | D:8      | Killed Grum
  6824 | D:8      | Reached skill level 13 in Unarmed Combat
  7189 | D:8      | Found a burning altar of Makhleb.
  7279 | D:8      | Found an iron altar of Okawaru.
  7279 | D:8      | Found a faded altar of an unknown god.
  7284 | D:8      | Found a faded altar of an unknown god.
  7286 | D:8      | Found a faded altar of an unknown god.
  7287 | D:8      | Found a faded altar of an unknown god.
  7383 | D:8      | Found a stormy altar of Qazlal.
  7693 | D:9      | Noticed a hill giant
  7703 | D:9      | Killed a hill giant
  7703 | D:9      | Reached XP level 10. HP: 70/85 MP: 9/9
  8054 | D:9      | Reached skill level 14 in Unarmed Combat
  8858 | D:9      | Noticed a three-headed hydra
  9191 | D:9      | Killed a seven-headed hydra
  9366 | D:10     | Entered Level 10 of the Dungeon
  9402 | D:10     | Noticed a hill giant
  9421 | D:10     | HP: 1/85 [hill giant/giant club (29)]
  9421 | D:10     | Annihilated by a hill giant

Vault maps used:
D:1:      co_arrival_random_square_maze, minmay_liquid_box
D:2:      old_standard_altar, lemuel_doored_altar, marbit_many_paths,
          minmay_heptomino_w4, uniq_terence, uniq_crazy_yiuf_cottage
D:3:      kennysheep_goblin_castle, first_bread, kennysheep_cross_room,
          minmay_misc_feat_chi, kennysheep_nub, uniq_iyjb
D:5:      old_standard_altar, tso_metal_star, serial_shops,
          nicolae_shop_temple_entry_statues_fountains,
          nicolae_ossuary_entry_catacombs
D:6:      grunt_temple_overflow_open, minmay_hedge_maze, uniq_eustachio,
          uniq_menkaure
D:7:      vehumet_statue
D:8:      kennysheep_little_box, nicolae_overflow_hidden_temple,
          chequers_temple_overflow_minitemple, lightli_temple_of_fire, uniq_grum
D:9:      hangedman_ranch, nicolae_looking_at_the_future
D:10:     interstate_on_off
Temple:   nicolae_temple_figure_zero
Ossuary:  ossuary_tomb_1

Skill      XL: |  1  2  3  4  5  6  7  8  9 10 |
---------------+-------------------------------+-----
Unarmed Combat | 1 2 3 4 6 7 9 11 13 14 | 14.6
Armour         | 2 |  2.6
Fighting       | |  1.5
Throwing       | |  3.6
Dodging        | |  1.5
Stealth        | |  0.3

Action                   |  1- 3 |  4- 6 |  7- 9 | 10-12 || total
-------------------------+-------+-------+-------+-------++-------
Melee: Unarmed           |    81 |   169 |   295 |    74 ||   619
       Punch             |       |     3 |       |       ||     3
Throw: Large rock        |     4 |     5 |       |     2 ||    11
Invok: Fungal Bloom      |       |     1 |    42 |    25 ||    68
       Evolution         |       |       |    13 |     7 ||    20
Evoke: Wand              |       |       |       |     1 ||     1
  Use: Scroll            |     1 |     4 |     1 |    11 ||    17
       Potion            |       |       |       |     1 ||     1
 Stab: Sleeping          |       |     2 |       |       ||     2
       Confused          |       |       |     2 |     3 ||     5
  Eat: Chunk             |    19 |    15 |    23 |     9 ||    66
       Pizza             |       |       |     3 |       ||     3
       Bread ration      |       |       |     2 |     1 ||     3
Armor: Robe              |    24 |    46 |    71 |    11 ||   152
       Skin              |       |       |       |     8 ||     8
Dodge: Dodged            |    34 |    91 |    71 |    28 ||   224
Block: Shield            |       |       |    89 |    55 ||   144
       Reflection        |       |       |       |     1 ||     1
